 Dungeon Crawl Stone Soup version 0.21.1-1-g345015fe64 (webtiles) character file.

1148 Knicklaso the Conjurer (level 8, -3/85 HPs)
             Began as a Hill Orc Fire Elementalist on Apr 17, 2018.
             Was an Initiate of Beogh.
             Slain by Blork the orc
             ... wielding a +2 mace of venom
              (6 damage)
             ... on level 6 of the Dungeon on Apr 18, 2018.
             The game lasted 00:24:20 (6135 turns).

Knicklaso the Conjurer (Hill Orc Fire Elementalist) Turns: 6135, Time: 00:24:22

Health: -3/85      AC: 24    Str: 11    XL:     8   Next: 38%
Magic:  13/13      EV:  2    Int: 17    God:    Beogh [......]
Gold:   228        SH:  0    Dex: 11    Spells: 13/14 levels left

rFire    . . .     SeeInvis .   b - +0 hunting sling
rCold    . . .     Gourm    .   (no shield)
rNeg     + + +     Faith    .   (armour currently unavailable)
rPois    +         Spirit   .   (helmet currently unavailable)
rElec    .         Reflect  .   (cloak currently unavailable)
rCorr    .         Harm     .   (gloves currently unavailable)
MR       .....     NoTele   +   (boots currently unavailable)
Stlth    +.........             (no amulet)
HPRegen  0.24/turn              (no ring)
MPRegen  0.13/turn              (no ring)

@: confused, lethally poisoned (-3 -> -41), tree-form
A: no striking features
a: Renounce Religion


You were on level 6 of the Dungeon.
You worshipped Beogh.
Beogh was noncommittal.
You were very hungry.
You were a tree.
You visited 1 branch of the dungeon, and saw 6 of its levels.

You collected 228 gold pieces.

Inventory:

Hand Weapons
 a - a +0 hand axe
 b - a +0 hunting sling (weapon)
Missiles
 e - 20 stones (quivered)
Armour
 n - a +0 robe (melded)
 u - a +1 pair of boots (melded)
 y - a +1 robe of magic resistance
Jewellery
 o - an uncursed ring of magical power {unknown}
 x - a cursed amulet of inaccuracy {unknown}
Wands
 l - a wand of paralysis (9)
Scrolls
 d - 2 scrolls of magic mapping
 h - 3 scrolls of teleportation
 j - a scroll of blinking {unknown}
 p - a scroll of enchant weapon {unknown}
 q - 2 scrolls of fear {unknown}
 r - 5 scrolls of amnesia
 s - 5 scrolls of identify {unknown}
 z - a scroll of immolation {unknown}
Potions
 g - a potion of flight
 i - a potion of magic {unknown}
 k - a potion of curing {unknown}
 t - a potion of ambrosia
 v - a potion of haste {unknown}
 w - a potion of mutation {unknown}
Books
 m - a book of Flames

   Spells                             Type                      Level
   a - Flame Tongue                   Conjuration/Fire             1
   b - Throw Flame                    Conjuration/Fire             2
   c - Conjure Flame                  Conjuration/Fire             3
   d - Inner Flame                    Hexes/Fire                   3
   e - Sticky Flame                   Conjuration/Fire             4
   f - Fireball                       Conjuration/Fire             5
Comestibles
 c - 8 rations


   Skills:
 - Level 1.5 Dodging
 - Level 1.5 Stealth
 + Level 3.9 Spellcasting
 * Level 6.9 Conjurations
 + Level 6.2 Fire Magic


You had 13 spell levels left.
You knew the following spells:

 Your Spells              Type           Power        Failure   Level  Hunger
a - Flame Tongue          Conj/Fire      ####.        1%          1    None


Dungeon Overview and Level Annotations

Branches:
Dungeon (6/15)
 Temple: D:4-7

Altars:
Gozag
Okawaru
Wu Jian
Xom
Yredelemnul
Zin

Shops:
D:6 *

Annotations:
D:6 Blork the orc


Message History

You bump into the rock wall.
* * * LOW HITPOINT WARNING * * *
You feel very sick.
Blork the orc hits you with a mace of venom.
* * * LOW HITPOINT WARNING * * *
* * * LOW HITPOINT WARNING * * *
You feel very sick.
Blork the orc hits you with a mace of venom.
* * * LOW HITPOINT WARNING * * *
You are more poisoned.
Blork the orc hits you with a mace of venom!
* * * LOW HITPOINT WARNING * * *
It was a potion of lignification.
You turn into a tree.
Your +1 pair of boots melds into your body.
Your +0 robe melds into your body.
Your roots penetrate the ground.
* * * LOW HITPOINT WARNING * * *
You feel very sick.
Blork the orc hits you with a mace of venom.
You die...
Beogh appreciates Blork the orc's killing of a heretic priest.

... .. .... ...###..
... ........ (( ######
#.....# (# #...##
#.._..##(###.# #.#.##
.#.).).#..... #.#.##
.........o.# #.....
#... ##.♣)# #.####
)....#...## ##.#
#(.......##########..#
.(...............#....#
.(...................)#
................>.....#
...≈≈.≈≈..#..##(......#
##.≈...≈..#..##.......#
#.≈._.≈..#..##.......#


You could see Blork the orc.

Vanquished Creatures
  2 ice beasts
  A sky beast (D:6)
  An ogre (D:5)
  A bullfrog (D:6)
  2 scorpions
  A hound (D:5)
  2 jellies
  3 orc priests
  2 bullfrog skeletons
  2 orc wizards
  3 worker ants
  A hound zombie (D:6)
  7 adders
  4 gnolls (D:4)
  2 oozes
  An adder zombie (D:6)
  2 worms (D:3)
  A dart slug (D:1)
  6 leopard geckos
  19 orcs
  10 bats
  A giant cockroach (D:1)
  5 goblins
  16 hobgoblins
  9 jackals
  5 kobolds
  7 quokkas
  5 frilled lizards
  2 leopard gecko skeletons
  A quokka skeleton (D:5)
  10 rats
134 creatures vanquished.

Notes
Turn   | Place    | Note
-------+----------+-------------------------------------------
     0 | D:1      | Knicklaso the Hill Orc Fire Elementalist began the quest for the Orb.
     0 | D:1      | Reached XP level 1. HP: 14/14 MP: 3/3
   165 | D:1      | Reached XP level 2. HP: 16/20 MP: 0/4
   693 | D:1      | Reached XP level 3. HP: 26/26 MP: 1/5
  1439 | D:2      | Found a shimmering altar of Xom.
  1466 | D:2      | Reached XP level 4. HP: 33/33 MP: 3/7
  2447 | D:3      | Reached XP level 5. HP: 26/38 MP: 1/8
  2540 | D:3      | Found a glowing silver altar of Zin.
  3222 | D:3      | Found a basalt altar of Yredelemnul.
  3382 | D:4      | Reached XP level 6. HP: 43/45 MP: 1/9
  4169 | D:4      | Found an ornate altar of the Wu Jian Council.
  4305 | D:5      | Entered Level 5 of the Dungeon
  4455 | D:5      | Reached skill level 5 in Fire Magic
  4532 | D:5      | Reached XP level 7. HP: 49/50 MP: 7/11
  4538 | D:5      | Reached skill level 5 in Conjurations
  5529 | D:6      | Reached XP level 8. HP: 40/57 MP: 2/13
  5669 | D:6      | Found Gozag's Platinum Reserve.
  5687 | D:6      | Found an opulent altar of Gozag.
  5979 | D:6      | Noticed Blork the orc
  6102 | D:6      | Found an iron altar of Okawaru.
  6112 | D:6      | Became a worshipper of Beogh the Brigand
  6134 | D:6      | HP: 1/57 [Blork the orc/mace of venom (7)]
  6135 | D:6      | Slain by Blork the orc

Skill      XL: |  1  2  3  4  5  6  7  8 |
---------------+-------------------------+-----
Conjurations   | 2 3 4 6 |  6.9
Spellcasting   | 2 3 |  3.9
Fire Magic     | 4 5 6 |  6.2
Dodging        | |  1.5
Stealth        | |  1.5

Action                   |  1- 3 |  4- 6 |  7- 9 || total
-------------------------+-------+-------+-------++-------
Melee: Club              |    11 |    16 |       ||    27
       Hand axe          |       |    21 |       ||    21
 Fire: Hunting sling     |       |    43 |    39 ||    82
 Cast: Flame Tongue      |    62 |   130 |    83 ||   275
Invok: Convert to Beogh  |       |       |     1 ||     1
  Use: Scroll            |       |     7 |       ||     7
       Potion            |       |       |     3 ||     3
  Eat: Chunk             |     3 |    10 |     1 ||    14
       Ration            |       |       |     1 ||     1
Armor: Robe              |     6 |    21 |     5 ||    32
Dodge: Dodged            |    13 |    68 |    18 ||    99
